cohdb
Replays
Latest Replays
All Replays
Popular Replays
Top Player Replays
Match Explorer
How It Works
Community
CoH3 Stats
Reddit
Sign in to upload your games and track your stats! →
Sign in with Steam
Big Christmas Clash
Match 35583418
Overview
Messages
Build Orders
End
Pioneer Squad
Pioneer Squad
Selects Mechanized Battlegroup
Construct Infanterie Kompanie
Grenadier Squad
Grenadier Squad
Construct Luftwaffe Kompanie
Selects Mobile Repair Stations
221 Scout Car
Medical Bunker
221 Scout Car
Jäger Squad
Jäger Squad
MG 42 Machine Gun Team
Selects Raid Package
Construct Panzer Kompanie
Sturmpanzer IV Brummbär
Selects 8 Rad Armored Car
Selects UNKNOWN (2160084)
Selects Wespe Self-propelled Artillery
Panzer IV Medium Tank
Panther Heavy Tank
Selects Mechanized Assault
Sturmpanzer IV Brummbär
Pioneer Squad
Panther Heavy Tank
221 Scout Car
Mechanized Assault
CC1 SKENG INBOUND
Alpenwell
ohmygod321
-AL- Nimahfrosch
0
0
Comments
sign in to comment!
No comments posted yet!